 Dungeon Crawl Stone Soup version 0.31-a0-182-gc5ef74bbde (webtiles) character file.

Game seed: 10852632411588063510

9354 qw the Cleaver (level 11, -1/71 HPs)
             Began as a Gargoyle Fighter on June 20, 2023.
             Was a Priest of Okawaru.
             Slain by a catoblepas (7 damage)
             ... on level 2 of the Lair of Beasts.
             The game lasted 00:05:19 (9930 turns).

qw the Cleaver (Gargoyle Fighter)                   Turns: 9930, Time: 00:05:19

Health: -1/71      AC: 29    Str: 23    XL:     11   Next: 45%
Magic:  13/14      EV: 10    Int: 10    God:    Okawaru [***...]
Gold:   375        SH: 12    Dex: 15    Spells: 10/10 levels left

rFire   . . .        b - +0 broad axe
rCold   + . .        c - +0 buckler
rNeg    + . .        s - +0 plate armour
rPois   inf          h - +0 helmet
rElec   +            q - +0 cloak
rCorr   .            o - +1 pair of gloves
SInv    .            (no boots)
Will    .....        r - amulet of reflection Stlth
                     m - +6 ring of dexterity
HPRegen 0.31/turn    f - ring of protection from cold
MPRegen 0.14/turn

%: reflection
@: about to teleport, heroic
A: sickness immunity, AC +8, negative energy resistance 1, electricity
resistance, torment resistance 1, petrification resistance
a: Renounce Religion, Heroism


You were on level 2 of the Lair of Beasts.
You worshipped Okawaru.
Okawaru was most pleased with you.
You visited 3 branches of the dungeon, and saw 11 of its levels.
You also visited: Sewer.

You collected 467 gold pieces.
You spent 92 gold pieces at shops.


Innate Abilities, Weirdness & Mutations

You are immune to sickness and miasma.
Your stone body is resilient. (AC +8)
You are immune to poison.
You resist negative energy. (rN+)
You are resistant to electric shocks. (rElec)
You are resistant to unholy torment.
You are immune to petrification.


   Skills:
 - Level 9.0(14.0) Fighting
 - Level 11.9(16.9) Axes
 + Level 1.2(6.2) Throwing
 - Level 8.3(13.3) Armour
 - Level 2.0(7.0) Dodging
 - Level 5.1(10.1) Shields
 - Level 4.1 Invocations


You had 10 spell levels left.
You didn't know any spells.
Your spell library was empty.

Inventory:

Hand Weapons
 b - a +0 broad axe (weapon)
 p - a +0 flail
Missiles
 w - a javelin (quivered)
Armour
 c - a +0 buckler (worn)
 h - a +0 helmet (worn)
 o - a +1 pair of gloves (worn)
 q - a +0 cloak (worn)
 s - a +0 plate armour (worn)
 y - a scarf of repulsion
Jewellery
 f - a ring of protection from cold (right hand)
 g - a ring of positive energy
 m - a +6 ring of dexterity (left hand)
 r - an amulet of reflection (around neck)
Scrolls
 i - a scroll of teleportation
 k - 4 scrolls of identify
Potions
 a - 4 potions of lignification
 d - 2 potions of might
 e - a potion of magic
 j - 2 potions of haste
 l - 2 potions of mutation
 n - 3 potions of curing
 t - a potion of resistance
 u - a potion of attraction
 v - 3 potions of heal wounds
 x - a potion of cancellation {unknown}

Dungeon Overview and Level Annotations

Branches:
Dungeon (8/15)             Temple (1/1) D:7            Lair (2/5) D:8
  Sewer (visited)
  Swamp: Lair:2-3    Shoals: Lair:2-3     Snake: Lair:2-3    Spider: Lair:2-3

Altars:
Ashenzari
Cheibriados
Dithmenos
Elyvilon
Fedhas
Gozag
Hepliaklqana
Kikubaaqudgha
Nemelex Xobeh
Okawaru
Qazlal
Ru
Sif Muna
Trog
Uskayaw
Vehumet
Wu Jian
Xom
The Shining One

Shops:
D:6 (

Annotations:
D:5 2 transporters
D:8 exclusion: 2 orc wizards


Message History

You slash the bullfrog!
You kill the bullfrog!
Okawaru accepts your kill.
Things that are here:
a bullfrog corpse; a yak corpse You slash the catoblepas!
The catoblepas is lightly wounded.
You hit the yak. The catoblepas gores you. The yak completely misses you.
You slash the catoblepas!
The catoblepas is moderately wounded.
You hit the yak. The yak gores you but does no damage.
The catoblepas gores you.
You slash the catoblepas!
The catoblepas is heavily wounded.
You completely miss the yak. You completely miss the catoblepas.
The catoblepas is heavily wounded.
You hit the yak. The catoblepas gores you!! The yak closely misses you.
You barely miss the yak.
The yak is heavily wounded.
You hit the catoblepas. The catoblepas closely misses you. The yak gores you!
You hit the yak.
The yak is heavily wounded.
You hit the catoblepas. The catoblepas gores you! The yak gores you.
You slash the catoblepas!
The catoblepas is heavily wounded.
You hit the yak but do no damage.
You hit the catoblepas but do no damage.
The catoblepas is heavily wounded.
You hit the yak. The catoblepas gores you!! You block the yak's attack.
9930 ||| READING 2 scrolls of teleportation.
As you read the scroll of teleportation, it crumbles to dust.
You feel strangely unstable. The catoblepas gores you!
You die...

#P..................
#..................
##....?.........>..
#.............#####
##.............. #
#.####.P..#.... .
##........#..... .
#..#.....#....#
##@#....##...#
#YY...... ..
SY#..#.#. #...#++...
#... .. ##... #.((
....#


You could see a catoblepas, 2 yaks and a water moccasin.

Vanquished Creatures
  Erica (Lair:2)
  3 cane toads (Lair:1)
  A rime drake (Lair:1)
  4 komodo dragons (Lair:1)
  A polar bear (Lair:1)
  3 blink frogs (Lair:1)
  Sigmund (D:6)
  4 yaks
  A steam dragon (D:7)
  2 basilisks (Lair:1)
  5 water moccasins
  Duvessa (D:6)
  An orc warrior (D:7)
  A black bear (D:6)
  An ice beast (D:7)
  2 ogres (D:5)
  15 wolves (Lair:1)
  3 centaurs
  A kobold brigand (D:8)
  A phantom (D:5)
  10 bullfrogs
  3 scorpions
  Dowan (D:6)
  A howler monkey (D:7)
  A lava snake (D:7)
  3 jellies
  An orc priest (D:7)
  4 hounds
  An iguana (D:5)
  2 gnoll boudas
  A sleepcap (D:7)
  Terence (D:2)
  7 orc wizards
  Natasha (twice) (D:4)
  13 gnolls
  19 adders
  5 river rats (Sewer)
  A shadow imp (D:8)
  A white imp (D:6)
  2 ufetubi
  2 dart slugs
  17 orcs
  18 ball pythons
  2 bats
  14 endoplasms
  4 giant cockroaches
  6 goblins
  4 hobgoblins
  12 kobolds
  5 quokkas
  6 frilled lizards
  30 rats
251 creatures vanquished.

Notes
Turn   | Place    | Note
-------+----------+-------------------------------------------
     0 | D:1      | qw the Gargoyle Fighter began the quest for the Orb.
     0 | D:1      | Reached XP level 1. HP: 14/14 MP: 1/1
     0 | D:1      | 0 ||| qw: Version: 0.3-a-9-g12657ce
     0 | D:1      | 0 ||| qw: Game counter: 1420
     0 | D:1      | 0 ||| qw: Always use a shield: true
     0 | D:1      | 0 ||| qw: God list: Okawaru
     0 | D:1      | 0 ||| qw: Allow faded altars: false
     0 | D:1      | 0 ||| qw: Do Orc after D:15 true
     0 | D:1      | 0 ||| qw: Do second Lair branch before Depths: true
     0 | D:1      | 0 ||| qw: Lair rune preference: random
     0 | D:1      | 0 ||| qw: Plans: Normal, Zot:1-4, Slime:5, God:TSO, Crypt,
                  | Tomb, Abyss, Pan, Hells, Win
     0 | D:1      | 0 ||| PLANNING D:1-11
    49 | D:1      | Reached skill level 2 in Axes
   143 | D:1      | Reached XP level 2. HP: 19/19 MP: 2/2
   264 | D:1      | 264 ||| Stepping ~*~*~tactically~*~*~ (hiding).
   266 | D:1      | 266 ||| Stepping ~*~*~tactically~*~*~ (hiding).
   446 | D:1      | Reached skill level 3 in Axes
   610 | D:1      | Reached XP level 3. HP: 15/23 MP: 3/3
  1081 | D:1      | 1081 ||| UPGRADING to +0 helmet.
  1086 | D:1      | 1086 ||| UPGRADING to +0 pair of gloves.
  1091 | D:1      | 1091 ||| UPGRADING to ring of positive energy.
  1092 | D:1      | 1092 ||| READING scroll labelled UVONOO ZEMA.
  1093 | D:1      | 1093 ||| READING scroll labelled WOGEKU EGIJUUG.
  1094 | D:1      | 1094 ||| READING scroll labelled PUSISAESUEKH.
  1095 | D:1      | 1095 ||| READING 3 scrolls labelled BIESKO UMYUSCH.
  1096 | D:1      | 1096 ||| READING scroll labelled FIVUGRE SYUTSE.
  1097 | D:1      | 1097 ||| DRINKING 2 fizzy purple potions.
  1098 | D:1      | 1098 ||| READING 2 scrolls of identify.
  1098 | D:1      | 1098 ||| IDENTIFYING lumpy silvery potion
  1099 | D:1      | 1099 ||| DROPPING potion of brilliance.
  1324 | D:2      | 1324 ||| Stepping ~*~*~tactically~*~*~ (stealth).
  1333 | D:2      | Reached XP level 4. HP: 14/28 MP: 4/4
  1390 | D:2      | 1390 ||| Stepping ~*~*~tactically~*~*~ (hiding).
  1391 | D:2      | 1391 ||| Stepping ~*~*~tactically~*~*~ (hiding).
  1661 | D:2      | Reached skill level 4 in Axes
  1686 | D:2      | Noticed Terence
  1694 | D:2      | Killed Terence
  1938 | D:2      | Reached XP level 5. HP: 32/32 MP: 5/5
  2057 | D:2      | HP: 6/32 [gnoll/+0 spear (3)]
  2061 | D:2      | HP: 1/32 [gnoll/+0 flail (2)]
  2067 | D:2      | HP: 2/32 [gnoll/+0 spear (1)]
  2070 | D:2      | Reached skill level 5 in Axes
  2192 | D:2      | 2192 ||| DROPPING +0 whip.
  2344 | D:2      | 2344 ||| UPGRADING to +0 chain mail.
  2354 | D:2      | 2354 ||| DROPPING +0 scale mail.
  2355 | D:2      | 2355 ||| UPGRADING to ring of positive energy.
  2356 | D:2      | 2356 ||| UPGRADING to ring of protection from cold.
  2358 | D:2      | 2358 ||| READING scroll labelled UNATAF WACAYMU.
  2359 | D:2      | 2359 ||| READING scroll labelled ERHOPLUTYI.
  2360 | D:2      | 2360 ||| READING 3 scrolls of identify.
  2360 | D:2      | 2360 ||| IDENTIFYING murky grey potion
  2361 | D:2      | 2361 ||| DROPPING potion of invisibility.
  2379 | D:3      | 2379 ||| PLANNING SEWER
  2417 | D:3      | 2417 ||| Stepping ~*~*~tactically~*~*~ (hiding).
  2418 | D:3      | 2418 ||| Stepping ~*~*~tactically~*~*~ (hiding).
  2419 | D:3      | 2419 ||| Stepping ~*~*~tactically~*~*~ (hiding).
  2420 | D:3      | 2420 ||| Stepping ~*~*~tactically~*~*~ (hiding).
  2421 | D:3      | 2421 ||| Stepping ~*~*~tactically~*~*~ (hiding).
  2453 | D:3      | 2453 ||| Stepping ~*~*~tactically~*~*~ (stealth).
  2537 | D:3      | Found a glowing drain.
  2566 | Sewer    | Entered a sewer
  2746 | Sewer    | Reached XP level 6. HP: 34/38 MP: 6/6
  2767 | Sewer    | 2767 ||| Stepping ~*~*~tactically~*~*~ (stealth).
  2778 | Sewer    | 2778 ||| Stepping ~*~*~tactically~*~*~ (stealth).
  2947 | Sewer    | Reached skill level 6 in Axes
  2971 | Sewer    | 2971 ||| DROPPING ring of positive energy.
  2972 | Sewer    | 2972 ||| UPGRADING to +6 ring of dexterity.
  2974 | Sewer    | 2974 ||| READING 2 scrolls labelled RABBYM SUJUAM.
  2979 | Sewer    | 2979 ||| READING scroll labelled ACESAI DUXIBRE.
  2980 | Sewer    | 2980 ||| READING scroll labelled IVVOMP YGAMORPH.
  3010 | Sewer    | 3010 ||| READING scroll labelled INWA SIFFE.
  3011 | Sewer    | 3011 ||| DRINKING 2 blue potions.
  3012 | Sewer    | 3012 ||| DRINKING 2 fuming sapphire potions.
  3059 | D:3      | 3059 ||| PLANNING D:1-11
  3203 | D:3      | Reached skill level 1 in Dodging
  3391 | D:3      | Reached XP level 7. HP: 43/43 MP: 7/7
  3407 | D:3      | Found a sacrificial altar of Ru.
  3479 | D:3      | Found a faded altar of an unknown god.
  3484 | D:3      | 3484 ||| UPGRADING to +0 cloak.
  3489 | D:3      | 3489 ||| DRINKING 2 white potions.
  3490 | D:3      | 3490 ||| READING 5 scrolls of identify.
  3490 | D:3      | 3490 ||| IDENTIFYING metallic orange potion
  3491 | D:3      | 3491 ||| DROPPING potion of degeneration.
  3624 | D:4      | Found a hazy altar of Hepliaklqana.
  3626 | D:4      | 3626 ||| Stepping ~*~*~tactically~*~*~ (stealth).
  3663 | D:4      | 3663 ||| Stepping ~*~*~tactically~*~*~ (stealth).
  3665 | D:4      | 3665 ||| Stepping ~*~*~tactically~*~*~ (stealth).
  3713 | D:4      | Noticed Natasha
  3716 | D:4      | Killed Natasha
  3724 | D:4      | 3724 ||| Stepping ~*~*~tactically~*~*~ (stealth).
  3726 | D:4      | 3726 ||| Stepping ~*~*~tactically~*~*~ (stealth).
  3990 | D:4      | Noticed Natasha
  4330 | D:4      | Reached skill level 7 in Axes
  4521 | D:4      | Killed Natasha
  4549 | D:4      | 4549 ||| UPGRADING to amulet of reflection.
  4554 | D:4      | 4554 ||| READING scroll labelled COOPHE PAYWKI.
  4561 | D:5      | Entered Level 5 of the Dungeon
  4577 | D:5      | Found a transporter.
  4582 | D:5      | Found a transporter.
  4684 | D:5      | Identified the +1 mace of Cataclysm {heavy, +Blink Int+4
                  | Dex+3}
  4686 | D:5      | 4686 ||| DROPPING +1 mace of Cataclysm {heavy, +Blink Int+4
                  | Dex+3}.
  4690 | D:5      | 4690 ||| Stepping ~*~*~tactically~*~*~ (stealth).
  4701 | D:5      | HP: 7/44 [ogre/+0 giant club (19)]
  4702 | D:5      | 4702 ||| READING scroll of teleportation.
  4703 | D:5      | 4703 ||| DRINKING potion of heal wounds.
  4828 | D:5      | Reached XP level 8. HP: 37/49 MP: 8/8
  4968 | D:5      | 4968 ||| DROPPING scarf of harm.
  5079 | D:5      | Reached skill level 8 in Axes
  5351 | D:5      | 5351 ||| READING 5 scrolls of identify.
  5351 | D:5      | 5351 ||| IDENTIFYING grey potion
  5404 | D:6      | Found Sufrast's Antique Weapon Boutique.
  5405 | D:6      | 5405 ||| Stepping ~*~*~tactically~*~*~ (hiding).
  5419 | D:6      | 5419 ||| BUYING broad axe (92 gold).
  5419 | D:6      | Bought a broad axe for 92 gold pieces
  5419 | D:6      | 5419 ||| SHOPLISTING glowing war axe (149 gold, have 133).
  5419 | D:6      | 5419 ||| SWAPPING to +0 broad axe.
  5420 | D:6      | 5420 ||| DROPPING +0 war axe.
  5480 | D:6      | Reached skill level 6 in Fighting
  5494 | D:6      | 5494 ||| Stepping ~*~*~tactically~*~*~ (hiding).
  5876 | D:6      | Noticed Sigmund
  5879 | D:6      | 5879 ||| DRINKING 3 potions of curing.
  5879 | D:6      | 5879 ||| (to cure confusion)
  5884 | D:6      | Killed Sigmund
  5885 | D:6      | Reached skill level 9 in Axes
  5885 | D:6      | Reached XP level 9. HP: 55/55 MP: 9/9
  6100 | D:6      | Found a stormy altar of Qazlal.
  6100 | D:6      | Found an ornate altar of the Wu Jian Council.
  6101 | D:6      | Found a bloodstained altar of Trog.
  6158 | D:6      | Noticed Duvessa
  6158 | D:6      | Noticed Dowan
  6159 | D:6      | 6159 ||| Stepping ~*~*~tactically~*~*~ (hiding).
  6160 | D:6      | 6160 ||| Stepping ~*~*~tactically~*~*~ (hiding).
  6170 | D:6      | Killed Dowan
  6178 | D:6      | Killed Duvessa
  6285 | D:6      | 6285 ||| UPGRADING to +0 plate armour.
  6295 | D:6      | 6295 ||| DROPPING +0 chain mail.
  6296 | D:6      | 6296 ||| READING 5 scrolls of identify.
  6296 | D:6      | 6296 ||| IDENTIFYING viscous green potion
  6297 | D:6      | 6297 ||| READING 4 scrolls of identify.
  6297 | D:6      | 6297 ||| IDENTIFYING fizzy brown potion
  6298 | D:6      | 6298 ||| READING 3 scrolls of identify.
  6298 | D:6      | 6298 ||| IDENTIFYING gluggy blue potion
  6543 | D:7      | Found a flagged portal.
  6561 | D:7      | Found a staircase to the Ecumenical Temple.
  6562 | D:7      | 6562 ||| PLANNING TEMPLE
  6570 | Temple   | Entered the Ecumenical Temple
  6571 | Temple   | 6571 ||| PLANNING OKAWARU WORSHIP
  6615 | Temple   | Became a worshipper of Warmaster Okawaru
  6616 | Temple   | 6616 ||| PLANNING D:1-11
  6682 | D:7      | Found a glowing golden altar of the Shining One.
  6747 | D:7      | Reached skill level 6 in Armour
  6768 | D:7      | 6768 ||| Stepping ~*~*~tactically~*~*~ (hiding).
  6774 | D:7      | 6774 ||| Stepping ~*~*~tactically~*~*~ (hiding).
  6996 | D:7      | 6996 ||| FLEEEEING.
  6997 | D:7      | 6997 ||| FLEEEEING.
  6998 | D:7      | 6998 ||| FLEEEEING.
  7048 | D:7      | HP: 14/57 [steam dragon (5)]
  7049 | D:7      | 7049 ||| READING 2 scrolls of teleportation.
  7294 | D:7      | Found a sparkling altar of Nemelex Xobeh.
  7294 | D:7      | Found a blossoming altar of Fedhas.
  7297 | D:7      | 7297 ||| Stepping ~*~*~tactically~*~*~ (stealth).
  7298 | D:7      | 7298 ||| Stepping ~*~*~tactically~*~*~ (stealth).
  7299 | D:7      | 7299 ||| Stepping ~*~*~tactically~*~*~ (stealth).
  7379 | D:8      | Found a staircase to the Lair.
  7442 | D:8      | Noticed a gargoyle
  7443 | D:8      | Noticed a fire crab
  7443 | D:8      | Noticed a deep elf pyromancer
  7461 | D:8      | Found a radiant altar of Vehumet.
  7569 | D:8      | Noticed a skeletal warrior
  7569 | D:8      | Noticed a skeletal warrior
  7570 | D:8      | Noticed a manticore
  7570 | D:8      | Noticed a centaur warrior
  7601 | D:8      | 7601 ||| Stepping ~*~*~tactically~*~*~ (stealth).
  7603 | D:8      | 7603 ||| Stepping ~*~*~tactically~*~*~ (hiding).
  7763 | D:8      | Reached * piety under Okawaru
  7806 | D:8      | 7806 ||| Stepping ~*~*~tactically~*~*~ (hiding).
  7818 | D:8      | Reached skill level 1 in Invocations
  7966 | D:8      | 7966 ||| READING scroll of enchant armour.
  7966 | D:8      | 7966 ||| ENCHANTING +0 pair of gloves.
  8163 | D:8      | Noticed a yaktaur
  8163 | D:8      | Noticed a cyclops
  8193 | D:8      | Found a shimmering blue altar of Sif Muna.
  8215 | D:8      | 8215 ||| PLANNING LAIR
  8248 | Lair:1   | Entered Level 1 of the Lair of Beasts
  8252 | Lair:1   | 8252 ||| STAIRDANCE
  8260 | D:8      | Reached skill level 10 in Axes
  8309 | Lair:1   | Noticed a cane toad
  8310 | Lair:1   | 8310 ||| INVOKING Heroism.
  8322 | Lair:1   | Killed a cane toad
  8323 | Lair:1   | Reached skill level 3 in Invocations
  8323 | Lair:1   | Reached XP level 10. HP: 56/63 MP: 9/12
  8417 | Lair:1   | 8417 ||| Stepping ~*~*~tactically~*~*~ (stealth).
  8418 | Lair:1   | 8418 ||| INVOKING Heroism.
  8464 | Lair:1   | Identified the +5 great mace "Saujis" {elec, rPois Str+3
                  | Int+3}
  8467 | Lair:1   | 8467 ||| Stepping ~*~*~tactically~*~*~ (stealth).
  8482 | Lair:1   | Reached ** piety under Okawaru
  8711 | Lair:1   | 8711 ||| INVOKING Heroism.
  8775 | Lair:1   | 8775 ||| INVOKING Heroism.
  8788 | Lair:1   | Reached *** piety under Okawaru
  8789 | Lair:1   | Reached skill level 11 in Axes
  8876 | Lair:1   | Noticed a cane toad
  8877 | Lair:1   | 8877 ||| INVOKING Heroism.
  8885 | Lair:1   | Killed a cane toad
  8886 | Lair:1   | Reached XP level 11. HP: 56/68 MP: 12/14
  8982 | Lair:1   | 8982 ||| INVOKING Heroism.
  9187 | Lair:1   | Reached skill level 9 in Fighting
  9244 | Lair:1   | 9244 ||| Stepping ~*~*~tactically~*~*~ (stealth).
  9245 | Lair:1   | 9245 ||| Stepping ~*~*~tactically~*~*~ (stealth).
  9259 | Lair:1   | 9259 ||| INVOKING Heroism.
  9374 | Lair:1   | 9374 ||| INVOKING Heroism.
  9521 | Lair:1   | 9521 ||| Stepping ~*~*~tactically~*~*~ (stealth).
  9538 | Lair:1   | 9538 ||| INVOKING Heroism.
  9673 | Lair:1   | 9673 ||| Stepping ~*~*~tactically~*~*~ (stealth).
  9674 | Lair:1   | 9674 ||| Stepping ~*~*~tactically~*~*~ (stealth).
  9675 | Lair:1   | 9675 ||| INVOKING Heroism.
  9767 | Lair:2   | Noticed Erica
  9768 | Lair:2   | 9768 ||| INVOKING Heroism.
  9782 | Lair:2   | Killed Erica
  9782 | Lair:2   | Reached **** piety under Okawaru
  9910 | Lair:2   | 9910 ||| Stepping ~*~*~tactically~*~*~ (stealth).
  9913 | Lair:2   | Noticed a catoblepas
  9914 | Lair:2   | 9914 ||| INVOKING Heroism.
  9917 | Lair:2   | Reached skill level 1 in Throwing
  9929 | Lair:2   | HP: 6/71 [catoblepas (21)]
  9930 | Lair:2   | 9930 ||| READING 2 scrolls of teleportation.
  9930 | Lair:2   | Slain by a catoblepas

Levels and vault maps discovered:
D:1:      reono_arrival_mine, layout_basic
D:2:      layout_loops_corners, uniq_terence
D:3:      layout_basic, nicolae_ru_the_path_less_chosen,
          dreamdust_ecumenical_altar_hidden_monk_grotto, portal_sewer_entry_a,
          nicolae_elevator_lobby_asterisk
D:4:      layout_basic, lemuel_round_altar, uniq_natasha
D:5:      gammafunk_steamed_eel, layout_loops_cross, grunt_ministairs_1
D:6:      layout_basic, gammafunk_temple_overflow_claw, serial_shops, shop,
          uniq_duvessa, uniq_sigmund
D:7:      layout_basic, nicolae_overflow_two_pavilions,
          lemuel_coloured_pillars_altar, minmay_temple_entry_junction,
          enter_bailey_6, kennysheep_small_spiral, kennysheep_generic_room_5
D:8:      layout_loops_corners, mainiacjoe_overflow_catwalk, led_sif_book,
          lair_entry_dummy, minivault_12
Temple:   nicolae_temple_cloud_nine
Lair:1:   layout_cave_pods, cheibrodos_lair_reptile_den, lemuel_fruit_tree,
          infiniplex_staircase_pool_2, grunt_megastairs_4
Lair:2:   layout_chaotic_city, nicolae_swamp_entry_spooky, spider_nest_entry_a,
          infiniplex_staircase_pool, grunt_megastairs_5, serial_bayou_shore_a,
          uniq_nergalle, uniq_erica

Skill      XL: |  1  2  3  4  5  6  7  8  9 10 11 |
---------------+----------------------------------+-----
Axes           | 2 3 4 5 6 7 9 10 11 | 11.9
Fighting       | 4 5 6 7 8 9 |  9.0
Dodging        | 1 2 |  2.0
Armour         | 4 6 8 |  8.3
Shields        | 4 5 |  5.1
Invocations    | 3 4 |  4.1
Throwing       | 1 |  1.2

Action                     |  1- 3 |  4- 6 |  7- 9 | 10-12 || total
---------------------------+-------+-------+-------+-------++-------
  Melee: War axe           |    83 |   268 |   134 |       ||   485
         Broad axe         |       |       |   253 |   198 ||   451
  Throw: Boomerang         |       |     1 |       |       ||     1
         Javelin           |       |       |       |     3 ||     3
 Invoke: Heroism           |       |       |     1 |    11 ||    12
    Use: Scroll            |     6 |     7 |     9 |     1 ||    23
         Potion            |     1 |     2 |     3 |       ||     6
 Armour: Scale mail        |    38 |    65 |       |       ||   103
         Chain mail        |       |   149 |   158 |       ||   307
         Plate armour      |       |       |    89 |   107 ||   196
  Dodge: Dodged            |    33 |   130 |   117 |    68 ||   348
  Block: Buckler           |    10 |    57 |   205 |   104 ||   376
         Reflection        |       |       |     6 |     1 ||     7

Table legend:
 A = Non-vault XP
 B = Vault XP
 C = Vault XP percentage of total XP
 D = Non-vault monster count
 E = Vault monster count
 F = Vault count percentage of total count
                 A         B        C        D         E       F
            +---------+---------+-------+---------+---------+-------
      Total |    9939 |    3424 |  25.6 |     176 |      75 |  29.9
            +---------+---------+-------+---------+---------+-------
        D:1 |      38 |       0 |   0.0 |      20 |       0 |   0.0
        D:2 |     157 |      36 |  18.7 |      30 |       1 |   3.2
        D:3 |      88 |       6 |   6.4 |      15 |       5 |  25.0
        D:4 |     295 |      33 |  10.1 |      20 |       1 |   4.8
        D:5 |     532 |      83 |  13.5 |       9 |       5 |  35.7
        D:6 |     852 |     434 |  33.7 |      22 |       3 |  12.0
        D:7 |     886 |     244 |  21.6 |      16 |       3 |  15.8
        D:8 |     379 |     160 |  29.7 |       8 |       2 |  20.0
     Lair:1 |    6309 |    1266 |  16.7 |      33 |       9 |  21.4
     Lair:2 |     403 |     860 |  68.1 |       3 |       1 |  25.0
      Sewer |       0 |     302 | 100.0 |       0 |      45 | 100.0
            +---------+---------+-------+---------+---------+-------
